 Dungeon Crawl Stone Soup version 0.28-a0-1624-g820543e53a (console) character file.

Game seed: 14877062933049735832

36 Melian the Chopper (level 3, -2/34 HPs)
             Began as a Minotaur Berserker on Jan 23, 2022.
             Was a Believer of Trog.
             Slain by Robin (5 damage)
             ... on level 2 of the Dungeon.
             The game lasted 00:02:15 (771 turns).

Melian the Chopper (Minotaur Berserker)              Turns: 771, Time: 00:02:16

Health: -2/34      AC:  5    Str: 23    XL:     3   Next: 19%
Magic:  2/2        EV: 11    Int:  4    God:    Trog [**....]
Gold:   10         SH:  0    Dex:  9    Spells: 2/2 levels left

rFire   . . .      SeeInvis .   a - +0 hand axe
rCold   . . .      Faith    .   (no shield)
rNeg    . . .      Spirit   .   f - +0 ring mail
rPois   .          Reflect  .   (helmet restricted)
rElec   .          Harm     .   (no cloak)
rCorr   .          Rampage  .   (no gloves)
Will    +....                   (no boots)
Stlth   ..........              i - amulet of magic regeneration
HPRegen 0.11/turn               e - ring of willpower
MPRegen 0.48/turn               (no ring)

@: on berserk cooldown, slowed, very slow
A: horns 2, retaliatory headbutt
a: Renounce Religion, Berserk, Trog's Hand


You were on level 2 of the Dungeon.
You worshipped Trog.
Trog was pleased with you.
You visited 1 branch of the dungeon, and saw 2 of its levels.

You collected 10 gold pieces.

Inventory:

Hand Weapons
 a - a +0 hand axe (weapon)
Armour
 f - a +0 ring mail (worn)
Jewellery
 e - a ring of willpower (left hand)
 i - an amulet of magic regeneration (around neck)
Scrolls
 h - a scroll of teleportation {unknown}
 j - a scroll of immolation {unknown}
Potions
 b - a potion of flight {unknown}
 c - a potion of mutation {unknown}
 d - a potion of brilliance {unknown}
 g - 2 potions of haste {unknown}


   Skills:
 + Level 4.3 Fighting
 + Level 4.3 Axes
 - Level 2.6 Armour
 - Level 2.4 Dodging


You had 2 spell levels left.
You didn't know any spells.
Your spell library was empty.

Dungeon Overview and Level Annotations

Branches:
Dungeon (2/15)

Altars:

Shops:
D:1 (

Annotations:
D:2 Robin


Innate Abilities, Weirdness & Mutations

You have a pair of horns on your head.
You reflexively headbutt those who attack you in melee.


Message History

You can now call upon Trog for regeneration and willpower.
You slash the frilled lizard!
You kill the frilled lizard!
Trog accepts your kill.
Robin drinks a potion.
Robin flickers and vanishes!
Deactivating autopickup; reactivate with Ctrl-A.
You closely miss the hobgoblin. Your headbutt misses the hobgoblin.
The hobgoblin hits you.
A goblin comes into view. It is wielding a +0 dagger.
You slash the hobgoblin!
You kill the hobgoblin!
Trog accepts your kill.
A goblin comes into view. It is wielding a +0 dagger.
You hear a shout! x2; The goblin shouts!
A hobgoblin comes into view.
You hear a shout!
A goblin comes into view. It is wielding a +0 club.
The goblin shouts!
You see here a hobgoblin corpse.
A hobgoblin comes into view.
You feel a strong urge to attack something.
You are no longer berserk.
You are exhausted.
You feel yourself slow down.
The hobgoblin shouts!
The hobgoblin barely misses you.
You barely miss the hobgoblin. You closely miss something.
You barely miss the goblin. Something hits you.
The hobgoblin hits you but does no damage.
The goblin closely misses you. Something hits you.
You barely miss the hobgoblin. You hit something but do no damage.
You hit the goblin. The hobgoblin barely misses you. Something hits you!
The hobgoblin hits you. The goblin hits you but does no damage.
You hit the hobgoblin but do no damage. You barely miss something.
You hit the goblin.
You kill the goblin!
Trog accepts your kill.
You closely miss the hobgoblin. The hobgoblin misses you. Something hits you!
* * * LOW HITPOINT WARNING * * *
The hobgoblin closely misses you. The hobgoblin hits you.
* * * LOW HITPOINT WARNING * * *
The goblins go into a battle-frenzy!
Something hits you.
You die...

#. .# .# .####.# ..
....#.##
.###.......##
.....g.....##
####...........# ##.
#....g##.....[.##...
#.gg##......>...#
#...@†..........
#<..##)......#
#...##.......#
######.....:.#
##[....## ##...##
#####


You could see 2 hobgoblins and a goblin (strong).

Vanquished Creatures
  A ball python (D:1)
  2 endoplasms (D:1)
  4 giant cockroaches (D:1)
  2 goblins (D:2)
  10 hobgoblins
  4 kobolds (D:1)
  3 bats (D:1)
  3 frilled lizards
  A rat (D:1)
30 creatures vanquished.

Vanquished Creatures (others)
  6 fungi (D:1)
  3 plants (D:1)
9 creatures vanquished.

Grand Total: 39 creatures vanquished

Notes
Turn   | Place    | Note
-------+----------+-------------------------------------------
     0 | D:1      | Melian the Minotaur Berserker began the quest for the Orb.
     0 | D:1      | Reached XP level 1. HP: 19/19 MP: 0/0
    60 | D:1      | Found Geyreuho's Antique Weapon Shop.
   189 | D:1      | Reached XP level 2. HP: 18/27 MP: 1/1
   545 | D:1      | Found a faded altar of an unknown god.
   758 | D:2      | Noticed Robin
   761 | D:2      | Reached XP level 3. HP: 33/33 MP: 2/2
   762 | D:2      | Reached ** piety under Trog
   771 | D:2      | Slain by Robin

Illustrated notes

Levels and vault maps discovered:
D:1:      minmay_arrival_doors, layout_rooms,
          shapermc_ecumenical_altar_hornbeckon, serial_shops,
          nicolae_shop_waterfront, corexii_item_surrounded_by_moat,
          minmay_tromino_v4_a
D:2:      layout_rooms, uniq_robin

Skill      XL: |  1  2 |
---------------+-------+-----
Fighting       | 4 |  4.3
Axes           | 4 |  4.3
Armour         | |  2.6
Dodging        | |  2.4

Action                   || total
-------------------------++-------
Melee: Hand axe          ||    48
       Headbutt          ||    10
Invok: Berserk           ||     1
Armor: Ring mail         ||    17
Dodge: Dodged            ||    34

Table legend: (Time is in decaauts)
 A = Elapsed time spent in this place.
 B = Non-inter-level travel time spent in this place.
 C = Inter-level travel time spent in this place.
 D = Time resting spent in this place.
 E = Time spent auto-exploring this place.
 F = Levels seen in this place.
 G = Mean time per level.
                   A        B        C        D        E       F      G
               +--------+--------+--------+--------+--------+-----+--------+
         Total |    779 |    768 |     11 |      0 |    533 |   2 |  389.5 |
       Dungeon |    779 |    768 |     11 |      0 |    533 |   2 |  389.5 |
               +--------+--------+--------+--------+--------+-----+--------+

Top non-repeatable levels by time:
     D:1: 756 daAuts
     D:2: 22 daAuts
